 Dungeon Crawl Stone Soup version 0.29.1-4-g47bece8355 (webtiles) character file.

Game seed: 677028446537793606

1071 hawla the Gusty (level 8, -1/88 HPs)
             Began as a Meteoran Air Elementalist on Dec 10, 2022.
             Was an Initiate of Vehumet.
             Slain by Duvessa
             ... wielding a +0 short sword
              (7 damage)
             ... on level 6 of the Dungeon.
             The game lasted 00:08:57 (1294 turns).

hawla the Gusty (Meteoran Air Elementalist)         Turns: 1294, Time: 00:08:58

Health: -1/88      AC: 24    Str: 14    XL:     8   Next: 83%
Magic:  3/16       EV:  2    Int: 18    God:    Vehumet [......]
Gold:   129        SH:  0    Dex: 13    Spells: 5/17 levels left

rFire   . . .      SeeInvis +   l - +6 spear "Vuhaisaxt" {elec, rPois Str+4 Dex-2 SInv}
rCold   . . .      Faith    .   (no shield)
rNeg    . . .      Spirit   .   (body armour currently unavailable)
rPois   +          Reflect  .   (helmet currently unavailable)
rElec   .          Harm     .   (cloak currently unavailable)
rCorr   .          Rampage  .   (gloves currently unavailable)
Will    +....      NoTele   +   (boots currently unavailable)
Stlth   +.........              (no amulet)
HPRegen 0.24/turn               (no ring)
MPRegen 0.15/turn               (no ring)

@: tree-form, glowing
A: stationary, stasis, torment immunity, boosted hp, sense surroundings 1,
otherworldly, glowing, explore regen
a: Renounce Religion


You were on level 6 of the Dungeon.
You worshipped Vehumet.
Vehumet was noncommittal.
You were a tree.
You visited 2 branches of the dungeon, and saw 7 of its levels.

You collected 129 gold pieces.

Inventory:

Hand Weapons
 l - the +6 spear "Vuhaisaxt" (weapon) {elec, rPois Str+4 Dex-2 SInv}
   (You found it on level 5 of the Dungeon)

   It occasionally discharges a powerful burst of electricity upon striking a
   foe.
   Str:       It affects your strength (+4).
   Dex:       It affects your dexterity (-2).
   rPois:     It protects you from poison.
   SInv:      It lets you see invisible.
Armour
 a - a +0 robe (melded)
 d - a +0 pair of gloves (melded)
 o - a +2 hat (melded)
Jewellery
 b - a ring of ice
 g - a ring of ice
Scrolls
 i - a scroll of teleportation
Potions
 c - a potion of invisibility {unknown}
 e - a potion of mutation {unknown}
 j - 2 potions of resistance {unknown}
 k - a potion of heal wounds {unknown}
 n - a potion of curing {unknown}


   Skills:
 - Level 1.1 Fighting
 - Level 3.3 Dodging
 - Level 1.4 Stealth
 - Level 5.1 Spellcasting
 - Level 3.4 Conjurations
 + Level 5.3 Transmutations
 - Level 6.1 Air Magic
 + Level 5.3 Poison Magic


You had 5 spell levels left.
You knew the following spells:

 Your Spells              Type           Power      Damage    Failure   Level
a - Shock                 Conj/Air       84%        1d8       1%          1
b - Static Discharge      Conj/Air       21%        3-6/arc   2%          2
c - Airstrike             Air            13%        2d(2-18)  11%         4
d - Alistair's Intoxicat  Tmut/Pois      16%        N/A       36%         5

Your spell library contained the following spells:

 Spells                   Type           Power      Damage    Failure   Level
 Swiftness                Air            26%        N/A       3%          3
 Apportation              Tloc           8%         N/A       13%         1
 Fireball                 Conj/Fire      5%         3d5       87%         5
 Starburst                Conj/Fire      5%         6d4       100%        6
 Ignition                 Fire           2%         3d3       100%        8


Dungeon Overview and Level Annotations

Branches:
Dungeon (6/15) Zot: 2302   Temple (1/1) D:5 Zot: 589

Altars:
Cheibriados
Dithmenos
Elyvilon
Gozag
Kikubaaqudgha
Makhleb
Nemelex Xobeh
Okawaru
Qazlal
Ru
Sif Muna
Trog
Vehumet
Xom
Yredelemnul
The Shining One

Shops:
D:2 !

Annotations:
D:4 Pikel
D:6 Duvessa


Innate Abilities, Weirdness & Mutations

You are a tree.
Your roots penetrate the ground, keeping you stationary.
You cannot be teleported.
You are immune to unholy pain and torment.
Your maximum health is greatly increased.
Your equipment is partially melded.
You passively map a small area around you.
You are easily found by Zot.
You glow in the dark.
You regain HP and MP as you explore.


Message History

You kill the hound!
Vehumet accepts your kill.
You are struck by an arc of lightning.
Duvessa is struck by an arc of lightning.
Duvessa is moderately wounded.
You are struck by an arc of lightning.
The lightning grounds out.
Duvessa closely misses you. Duvessa hits you with a +0 short sword!
Casting: Static Discharge (safe; 2% risk of failure)
Confirm with . or Enter, or press ? or * to list all spells.
Duvessa is struck by an arc of lightning!
Duvessa is moderately wounded.
You are struck by an arc of lightning.
The lightning grounds out.
An adder comes into view.
Duvessa barely misses you.
Casting: Static Discharge (safe; 2% risk of failure)
Confirm with . or Enter, or press ? or * to list all spells.
Duvessa is struck by an arc of lightning!
Duvessa is heavily wounded.
You are struck by an arc of lightning.
Duvessa is struck by an arc of lightning.
Duvessa is severely wounded.
You are struck by an arc of lightning.
The lightning grounds out.
Duvessa hits you with a +0 short sword. Duvessa hits you with a +0 short sword!
Casting: Static Discharge (safe; 2% risk of failure)
Confirm with . or Enter, or press ? or * to list all spells.
Duvessa is struck by an arc of lightning.
Duvessa is severely wounded.
You are struck by an arc of lightning.
* * * LOW HITPOINT WARNING * * *
Duvessa is struck by an arc of lightning.
Duvessa is severely wounded.
The lightning grounds out.
Duvessa hits you with a +0 short sword!
* * * LOW HITPOINT WARNING * * *
Okay, then.
Really quaff the potion of lignification?
You turn into a tree.
Your +2 hat melds into your body.
Your +0 pair of gloves melds into your body.
Your +0 robe melds into your body.
Your roots penetrate the ground.
Duvessa hits you but does no damage. Duvessa hits you with a +0 short sword!
You die...

* ,, , ..... ,
* , , ,
######.....
#........# * *
, #........# ,
####........#
. ...........#
...##..)†....#
, #.....S♣e.#
* , ,
...#......####
* #.###.....#
,#....####.#
*, ,####.#.<#
# * #.##.# * ,
#....#, , * *
######, , , ,
, , * *


You could see Duvessa (berserk) and an adder.

Vanquished Creatures
  Sigmund (D:4)
  An ice beast (D:5)
  An ogre (D:5)
  A centaur (D:5)
  A lemure (D:5)
  Blork the orc (D:5)
  A scorpion (D:5)
  Dowan (D:6)
  A jelly (D:5)
  A howler monkey (D:5)
  2 hounds
  2 orc wizards (D:5)
  An iguana (D:6)
  6 adders
  A worm (D:2)
  An orc (D:5)
  An endoplasm (D:2)
  A jackal (D:1)
  2 quokkas
  A frilled lizard (D:1)
  A goblin (D:1)
  3 kobolds
  A rat (D:2)
33 creatures vanquished.

Vanquished Creatures (collateral kills)
  2 phantoms (D:4)
  A scorpion (D:4)
  A goblin (D:4)
4 creatures vanquished.

Grand Total: 37 creatures vanquished

Notes
Turn   | Place    | Note
-------+----------+-------------------------------------------
     0 | D:1      | hawla the Meteoran Air Elementalist began the quest for the
                  | Orb.
     0 | D:1      | Reached XP level 1. HP: 14/14 MP: 5/5
   113 | D:1      | Reached XP level 2. HP: 19/20 MP: 2/7
   116 | D:1      | Learned a level 2 spell: Static Discharge
   236 | D:2      | Reached skill level 4 in Air Magic
   239 | D:2      | Found Typpi's Distillery.
   294 | D:2      | Reached XP level 3. HP: 6/26 MP: 8/8
   366 | D:4      | Noticed a phantom
   374 | D:4      | Noticed a scorpion
   383 | D:4      | Killed a scorpion
   384 | D:4      | Reached XP level 4. HP: 34/34 MP: 8/10
   386 | D:4      | Noticed a phantom
   387 | D:4      | Killed a phantom
   388 | D:4      | Reached skill level 5 in Air Magic
   388 | D:4      | Reached XP level 5. HP: 39/39 MP: 9/12
   393 | D:4      | Killed a phantom
   394 | D:4      | Reached XP level 6. HP: 41/46 MP: 13/13
   399 | D:4      | Learned a level 4 spell: Airstrike
   445 | D:4      | Noticed Sigmund
   455 | D:4      | Killed Sigmund
   456 | D:4      | Reached skill level 1 in Fighting
   456 | D:4      | Reached skill level 5 in Spellcasting
   456 | D:4      | Reached skill level 6 in Air Magic
   456 | D:4      | Reached XP level 7. HP: 42/52 MP: 0/15
   462 | D:4      | Learned a level 5 spell: Alistair's Intoxication
   484 | D:4      | Noticed Pikel
   514 | D:5      | Entered Level 5 of the Dungeon
   519 | D:5      | Noticed Blork the orc
   587 | D:5      | Reached skill level 1 in Transmutations
   587 | D:5      | Reached skill level 1 in Poison Magic
   592 | D:5      | Identified the +6 spear "Vuhaisaxt" {elec, rPois Str+4
                  | Dex-2 SInv}
   608 | D:5      | Found a white marble altar of Elyvilon.
   647 | D:5      | Reached XP level 8. HP: 49/59 MP: 4/16
   722 | D:5      | Killed Blork the orc
   830 | D:5      | Found a staircase to the Ecumenical Temple.
   911 | Temple   | Entered the Ecumenical Temple
   916 | Temple   | Became a worshipper of Vehumet
  1076 | D:5      | Found a shimmering blue altar of Sif Muna.
  1097 | D:5      | Found a sparkling altar of Nemelex Xobeh.
  1099 | D:5      | Found an ancient bone altar of Kikubaaqudgha.
  1105 | D:5      | Found a snail-covered altar of Cheibriados.
  1129 | D:5      | Reached skill level 5 in Transmutations
  1129 | D:5      | Reached skill level 5 in Poison Magic
  1282 | D:6      | Noticed Dowan
  1282 | D:6      | Noticed Duvessa
  1289 | D:6      | Killed Dowan
  1294 | D:6      | Slain by Duvessa

Illustrated notes

Levels and vault maps discovered:
D:1:      dpeg_arrival_long_road, layout_basic, minivault_4, item_on_display_a
D:2:      layout_basic, serial_shops, nicolae_shop_advertising_works
          [nicolae_subvault_shop_adworks], nicolae_shop_statue_plus,
          nicolae_shop_stone
D:3:      layout_basic, mainiacjoe_overflow_24_doors, minmay_close_crescents
D:4:      layout_cave_pools, nicolae_overflow_crystal_walls,
          minmay_misc_feat_diagonals, hangedman_decor_peaks_small, uniq_natasha,
          uniq_sigmund, uniq_pikel
D:5:      layout_cave_pools, elyvilon_altar_1, led_sif_book,
          grunt_temple_overflow_diamond, minmay_temple_entry_metal_lava,
          uniq_blork_the_orc
D:6:      layout_basic, fedhas_bush_and_centaur_altar, kennysheep_little_box,
          nicolae_uskayaw_dance_hall, ebering_ghost_reflecting_pool,
          uniq_maggie, uniq_duvessa
Temple:   minmay_freezing_vapour_temple

Skill      XL: |  1  2  3  4  5  6  7  8 |
---------------+-------------------------+-----
Spellcasting   | 3 4 5 |  5.1
Air Magic      | 4 5 6 |  6.1
Conjurations   | 2 3 |  3.4
Dodging        | 3 |  3.3
Fighting       | 1 |  1.1
Transmutations | 2 5 |  5.3
Poison Magic   | 2 5 |  5.3
Stealth        | |  1.4

Action                   |  1- 3 |  4- 6 |  7- 9 || total
-------------------------+-------+-------+-------++-------
Melee: Unarmed           |    36 |     6 |     2 ||    44
       Punch             |     2 |       |       ||     2
       Spear             |       |       |    25 ||    25
 Cast: Shock             |    37 |     2 |    11 ||    50
       Airstrike         |       |     2 |    16 ||    18
       Static Discharge  |       |       |    11 ||    11
  Use: Scroll            |     4 |       |     5 ||     9
       Potion            |     1 |       |     1 ||     2
Armor: Robe              |    10 |       |     5 ||    15
       Skin              |       |       |     1 ||     1
Dodge: Dodged            |    19 |     4 |    24 ||    47
